 Dungeon Crawl Stone Soup version 0.30-a0-696-g2367cd04db (webtiles) character file.

Game seed: 10870087612772708315

79 Leeroy the Slasher (level 4, 0/26 HPs)
             Began as a Tengu Warper on Jan 20, 2023.
             Slain by an orc wizard
             ... wielding a +0 short sword
              (3 damage)
             ... on level 4 of the Dungeon.
             The game lasted 00:02:20 (1528 turns).

Leeroy the Slasher (Tengu Warper)                   Turns: 1528, Time: 00:02:20

Health: 0/26       AC:  4    Str: 12    XL:     4   Next: 38%
Magic:  8/8        EV: 12    Int: 13    God:
Gold:   206        SH:  0    Dex: 15    Spells: 7/7 levels left

rFire   . . .      SeeInvis .    a - +0 falchion
rCold   . . .      Faith    .    (no shield)
rNeg    . . .      Spirit   .    b - +0 leather armour
rPois   .          Reflect  .    (helmet restricted)
rElec   .          Harm     .    f - +0 cloak
rCorr   .          Rampage  .    (no gloves)
Will    .....                    (boots unavailable)
Stlth   +                        (no amulet)
HPRegen 0.24/turn                (no ring)
MPRegen 0.11/turn                (no ring)

@: no status effects
A: beak, talons 3
a: no special abilities


You were on level 4 of the Dungeon.
You visited 1 branch of the dungeon, and saw 4 of its levels.

You collected 206 gold pieces.

Inventory:

Hand Weapons
 a - a +0 falchion (weapon)
Missiles
 d - 7 boomerangs of dispersal (quivered)
 g - 4 poisoned darts
 k - 6 boomerangs
 o - a throwing net
Armour
 b - a +0 leather armour (worn)
 f - a +0 cloak (worn)
Wands
 m - a wand of flame (12)
Scrolls
 c - 2 scrolls of blinking
 e - a scroll of teleportation {unknown}
 h - a scroll of fear {unknown}
 i - 2 scrolls of enchant weapon {unknown}
 l - 2 scrolls of immolation {unknown}
Potions
 j - 2 potions of heal wounds {unknown}
 n - a potion of flight {unknown}


   Skills:
 - Level 2.0 Fighting
 + Level 5.0 Long Blades
 - Level 1.0 Throwing
 - Level 1.1 Armour
 - Level 2.1 Dodging
 - Level 2.0 Spellcasting
 - Level 2.4 Translocations


You had 7 spell levels left.
You didn't know any spells.
Your spell library contained the following spells:

 Spells                   Type           Power      Damage    Failure   Level
 Blink                    Tloc           14%        N/A       19%         2
 Lesser Beckoning         Tloc           14%        N/A       19%         2
 Momentum Strike          Conj/Tloc      8%         3d8       30%         2
 Teleport Other           Tloc           7%         N/A       36%         3
 Vhi's Electric Charge    Tloc/Air       8%         N/A       52%         3
 Manifold Assault         Tloc           7%         N/A       77%         4


Dungeon Overview and Level Annotations

Branches:
Dungeon (4/15)
 Temple: D:4-7

Altars:


Innate Abilities, Weirdness & Mutations

You have a beak for a mouth.
You have claws for feet.


Message History

The giant cockroach attacks as you move away!
The giant cockroach misses you. The orc attacks as you move away!
The orc hits you with a +0 flail.
* * * LOW HITPOINT WARNING * * *
The orc attacks as you move away! The orc closely misses you.
The orc attacks as you move away! The orc barely misses you.
You barely miss the orc. Your kick misses the orc. You punch the orc.
The orc is moderately wounded.
The orc hits you but does no damage.
You hit the orc but do no damage. You peck the orc.
The orc is almost dead.
The orc barely misses you.
You hit the orc.
You kill the orc!
The orc wizard casts a spell.
The orc wizard flickers and vanishes!
Deactivating autopickup; reactivate with Ctrl-A.
You hit the giant cockroach. You claw the giant cockroach.
You kill the giant cockroach!
You barely miss the orc. Your peck misses the orc.
You hear the slow rusting of a very distant drain.
The orc hits you but does no damage.
You closely miss the orc. You claw the orc.
You kill the orc!
You barely miss the orc. You claw the orc.
The orc is heavily wounded.
The orc misses you.
You closely miss the orc. You claw the orc. You peck the orc.
You kill the orc!
Your Long Blades skill increases to level 5!
You closely miss something. Your kick misses something.
Your peck misses something. Something hits you but does no damage.
You hit something. Something hits you but does no damage.
You closely miss something. Your kick misses something.
Your peck misses something. Something hits you.
* * * LOW HITPOINT WARNING * * *
You barely miss something. Your peck misses something. Something hits you.
* * * LOW HITPOINT WARNING * * *
You closely miss something. Something hits you.
You die...

. #.# .. #.# [.
#$# #.#####.#
#.o.....#######
#...)......†[.#
#..........<###
....##.##{#####
. #. #@# #. #.#
## #.# ..# #.#
... ##. .


There were no monsters in sight!

Vanquished Creatures
  An adder (D:2)
  A worm (D:2)
  A dart slug (D:1)
  3 orcs (D:4)
  6 ball pythons
  7 endoplasms
  4 giant cockroaches
  3 goblins
  7 hobgoblins
  7 jackals (D:2)
  A kobold (D:2)
  A quokka (D:3)
  3 bats
  5 frilled lizards (D:1)
  6 rats
56 creatures vanquished.

Vanquished Creatures (others)
  4 fungi (D:2)
  5 toadstools (D:2)
9 creatures vanquished.

Grand Total: 65 creatures vanquished

Notes
Turn   | Place    | Note
-------+----------+-------------------------------------------
     0 | D:1      | Leeroy the Tengu Warper began the quest for the Orb.
     0 | D:1      | Reached XP level 1. HP: 12/12 MP: 4/4
    52 | D:1      | Found a faded altar of an unknown god.
   258 | D:1      | Reached skill level 3 in Long Blades
   258 | D:1      | Reached XP level 2. HP: 14/17 MP: 6/6
   681 | D:1      | Reached XP level 3. HP: 21/21 MP: 7/7
   985 | D:2      | Reached skill level 4 in Long Blades
  1261 | D:2      | Reached XP level 4. HP: 17/26 MP: 8/8
  1524 | D:4      | Reached skill level 5 in Long Blades
  1528 | D:4      | Slain by an orc wizard

Illustrated notes

Levels and vault maps discovered:
D:1:      lightli_arrival_quake, layout_basic, ebering_ecumenical_altar_box,
          minmay_hedge_maze
D:2:      layout_rooms, minmay_gold_behind_fungi, dreamdust_wishing_well
D:3:      layout_loops_ring, serial_shops, nicolae_shop_hallway_stairs,
          minmay_starry_boxes
D:4:      layout_basic, minmay_temple_entry_overgrown, gup_sewer_entry_glass,
          serial_shops, nicolae_shop_behind_doors, shop,
          nicolae_shop_hallway_stairs, minivault_25

Skill      XL: |  1  2  3  4 |
---------------+-------------+-----
Long Blades    | 3 4 5 |  5.0
Fighting       | |  2.0
Throwing       | |  1.0
Armour         | |  1.1
Dodging        | |  2.1
Spellcasting   | |  2.0
Translocations | |  2.4

Action                   |  1- 3 |  4- 6 || total
-------------------------+-------+-------++-------
Melee: Falchion          |    86 |    35 ||   121
       Kick              |    19 |     6 ||    25
       Peck              |    10 |     8 ||    18
       Punch             |       |     1 ||     1
 Stab: Sleeping          |     3 |       ||     3
Armor: Leather armour    |    17 |    13 ||    30
Dodge: Dodged            |    48 |    29 ||    77

Table legend: (Time is in decaauts)
 A = Elapsed time spent in this place.
 B = Non-inter-level travel time spent in this place.
 C = Inter-level travel time spent in this place.
 D = Time resting spent in this place.
 E = Time spent auto-exploring this place.
 F = Levels seen in this place.
 G = Mean time per level.
                   A        B        C        D        E       F      G
               +--------+--------+--------+--------+--------+-----+--------+
         Total |   1540 |   1511 |     29 |      8 |   1160 |   4 |  385.0 |
       Dungeon |   1540 |   1511 |     29 |      8 |   1160 |   4 |  385.0 |
               +--------+--------+--------+--------+--------+-----+--------+

Top non-repeatable levels by time:
     D:1: 976 daAuts
     D:2: 423 daAuts
     D:4: 108 daAuts
     D:3: 32 daAuts
